 Dungeon Crawl Stone Soup version 0.26.0-10-g1f06aea511 (webtiles) character file.

Game seed: 10860342641950864997

14590 Borgoz the Carver (level 12, -7/104 HPs)
             Began as a Ghoul Gladiator on Jan 30, 2021.
             Was a Follower of Ashenzari.
             Mangled by a skeletal warrior
             ... wielding a +0 trident
             ... led by a skeletal warrior
              (15 damage)
             ... on level 11 of the Dungeon.
             The game lasted 00:28:44 (11521 turns).

Borgoz the Carver (Ghoul Gladiator)                Turns: 11521, Time: 00:28:44

Health: -7/104     AC: 22    Str: 19    XL:     12   Next: 18%
Magic:  11/11      EV: 12    Int:  3    God:    Ashenzari [*.....]
Gold:   389        SH:  5    Dex: 14    Spells: 11/11 levels left

rFire    + . .     SeeInvis +   a - +2 scimitar (flame)
rCold    + + +     Faith    .   (no shield)
rNeg     + + +     Spirit   .   r - +0 chain mail "Etzun" {-Cast +Fly rF+ rC++}
rPois    ∞         Reflect  +   t - +2 helmet {SInv}
rElec    .         Harm     +   L - scarf {harm}
rCorr    .         Rampage  .   g - +0 pair of gloves
Will     +....     NoCast   +   q - +0 pair of boots {Fly}
Stlth    ..........             e - amulet of reflection
HPRegen  0.00/turn              b - ring of willpower
MPRegen  0.12/turn              l - +4 ring of protection

@: mighty, flying
A: claws 1, cold resistance 1, negative energy resistance 3, inhibited
regeneration, torment resistance, unbreathing
a: Stop Flying, Renounce Religion, Curse Item, Scrying


You were on level 11 of the Dungeon.
You worshipped Ashenzari.
Ashenzari was aware of your devotion.
You visited 2 branches of the dungeon, and saw 12 of its levels.
You also visited: Ossuary.

You collected 754 gold pieces.
You spent 365 gold pieces at shops.

Inventory:

Hand Weapons
 a - a +2 scimitar of flaming (weapon)
 H - the +6 quarterstaff of the Wilderness {flame, Will+}
   (You found it on level 8 of the Dungeon)

   It has been specially enchanted to burn those struck by it, causing extra
   injury to most foes and up to half again as much damage against particularly
   susceptible opponents.
   It affects your willpower, your defense against some magical effects.
 J - the +9 flail of Havoc {vorpal, Dex+3}
   (You found it on level 8 of the Dungeon)

   It inflicts extra damage upon your enemies.
   It affects your dexterity (+3).
Armour
 g - a +0 pair of gloves (worn)
 q - a +0 pair of boots of flying (worn)
 r - the +0 chain mail "Etzun" (worn) {-Cast +Fly rF+ rC++}
   (You bought it in a shop on level 7 of the Dungeon)

   It protects you from fire.
   It greatly protects you from cold.
   It lets you fly.
   It prevents spellcasting.
 s - a +0 cloak
 t - a +2 helmet of see invisible (worn)
 x - a +2 chain mail of cold resistance
 y - a +2 scale mail of willpower
 z - +1 steam dragon scales
 K - the cursed +0 scale mail of the Hunter {rF+}
   (You found it on level 9 of the Dungeon)

   It protects you from fire.
   It has a curse placed upon it.
 L - a scarf of harm (worn)
Jewellery
 b - a ring of willpower (left hand)
 e - an amulet of reflection (around neck)
 f - an uncursed amulet of the acrobat
 l - a +4 ring of protection (right hand)
 E - an uncursed amulet of regeneration
 G - an uncursed ring of wizardry
Wands
 p - a wand of iceblast (16)
 I - a wand of disintegration (11)
Scrolls
 h - 4 scrolls of fog
 i - 5 scrolls of remove curse
 k - a scroll of brand weapon
 m - a scroll of fear
 n - 4 scrolls of teleportation
 v - 2 scrolls of blinking
 w - 2 scrolls of enchant armour
 A - a scroll of summoning
 B - a scroll of enchant weapon
 C - 3 scrolls of identify
 F - 3 scrolls of magic mapping
 M - a scroll of silence {unknown}
Potions
 c - 2 potions of cancellation
 j - 4 potions of curing
 o - a potion of resistance
 u - a potion of haste


   Skills:
 + Level 9.0 Fighting
 * Level 10.7 Long Blades
 - Level 1.7 Throwing
 * Level 10.3 Armour
 + Level 7.8 Dodging


You had 11 spell levels left.
You didn't know any spells.
Your spell library contained the following spells:

 Spells                   Type           Power        Failure   Level
 Summon Small Mammal      Summ           0%           99%         1
 Call Imp                 Summ           0%           100%        2
 Call Canine Familiar     Summ           0%           100%        3
 Summon Guardian Golem    Hex/Summ       0%           100%        3
 Summon Ice Beast         Ice/Summ       0%           100%        4
 Summon Lightning Spire   Summ/Air       0%           100%        4


Dungeon Overview and Level Annotations

Branches:
Dungeon (11/15)            Temple (1/1) D:7            Lair (0/6) D:9
Ossuary (visited)
    Orc: D:9-12

Altars:
Ashenzari
Cheibriados
Dithmenos
Elyvilon
Fedhas
Gozag
Hepliaklqana
Kikubaaqudgha
Makhleb
Nemelex Xobeh
Okawaru
Qazlal
Ru
Sif Muna
Trog
Uskayaw
Vehumet
Wu Jian
Xom
Yredelemnul
Zin
The Shining One

Shops:
D:7 [   D:9 =


Innate Abilities, Weirdness & Mutations

You thrive by killing the living.
You are immune to poison.
You have sharp fingernails.
Your flesh is cold resistant. (rC+)
You are immune to negative energy. (rN+++)
You do not regenerate when monsters are visible.
You are immune to unholy pain and torment.
You can survive without breathing.


Message History

The cyclops hits you!!
* * * LOW HITPOINT WARNING * * *
You slash the cyclops! You burn the cyclops.
The cyclops is moderately wounded.
Okay, then.
As you read the scroll of fear, it crumbles to dust.
You assume a fearsome visage.
The cyclops easily resists.
The cyclops barely misses you.
As you read the scroll of teleportation, it crumbles to dust.
You feel strangely unstable. The cyclops hits you!
* * * LOW HITPOINT WARNING * * *
You see here a large rock.
You feel better.
Your surroundings suddenly seem different.
The skeletal warrior hits you with a +0 trident.
* * * LOW HITPOINT WARNING * * *
You hit the skeletal warrior. You burn the skeletal warrior.
The skeletal warrior is lightly damaged.
The skeletal warrior hits you with a +0 trident!
You die...

................#.....)..........
................#................
................#................
................#................
##############..#......#######...
........................#........
........................#........
..........<.............#........
...............z@.......#........
........................#........
..........z.............#........
........................#........
####################....##...##..
...........,,,...................
..(.C......,,,...................
...........,,,...................
...........,,,...................


You could see 2 skeletal warriors.

Vanquished Creatures
  Josephine (D:10)
  A hydra (D:11)
  2 two-headed ogres
  A queen ant (D:9)
  A skeletal warrior (D:11)
  Maggie (D:6)
  2 polar bears (D:10)
  A troll (D:10)
  A meliai zombie (D:11)
  3 wyverns
  4 wraiths (D:10)
  20 soldier ants (D:9)
  Duvessa (D:7)
  4 ice beasts
  2 orc warriors
  A black bear (D:7)
  4 centaurs
  7 ogres
  2 big kobolds
  10 bullfrogs
  A wyvern zombie (D:9)
  Dowan (D:7)
  A water moccasin zombie (D:7)
  A wyvern skeleton (D:9)
  15 scorpions
  4 killer bees (D:9)
  2 howler monkeys
  4 wights (D:8)
  A bullfrog zombie (D:9)
  5 centaur zombies
  A centaur skeleton (D:4)
  A gnoll shaman (D:5)
  9 hounds
  2 jellies
  An orc priest (D:11)
  5 orc wizards
  3 bullfrog skeletons
  4 human zombies (Ossuary)
  4 iguanas
  32 worker ants
  3 big kobold zombies (Ossuary)
  A centaur simulacrum (D:10)
  A bullfrog simulacrum (D:10)
  A hound zombie (D:8)
  A hound skeleton (D:11)
  3 mummies (Ossuary)
  2 worker ant zombies
  11 gnolls
  A scorpion zombie (Ossuary)
  14 adders
  A hound simulacrum (D:10)
  A shadow imp (D:9)
  5 white imps
  2 ufetubi (D:10)
  2 oozes
  2 adder skeletons (D:4)
  A worm (D:3)
  A dart slug (D:3)
  9 leopard geckos
  20 orcs
  2 ball pythons
  5 giant cockroaches
  2 gnoll zombies (Ossuary)
  8 goblins
  7 hobgoblins
  13 jackals
  10 kobolds
  3 quokkas
  6 bats
  4 frilled lizards
  5 goblin zombies (Ossuary)
  2 hobgoblin zombies (Ossuary)
  A jackal skeleton (D:8)
  A jackal zombie (D:7)
  A kobold zombie (Ossuary)
  A leopard gecko skeleton (D:7)
  An orc zombie (Ossuary)
  A quokka zombie (D:9)
  9 rats
330 creatures vanquished.

Notes
Turn   | Place    | Note
-------+----------+-------------------------------------------
     0 | D:1      | Borgoz the Ghoul Gladiator began the quest for the Orb.
     0 | D:1      | Reached XP level 1. HP: 17/17 MP: 0/0
   201 | D:1      | Reached XP level 2. HP: 20/25 MP: 1/1
   461 | D:1      | Reached skill level 1 in Armour
   878 | D:2      | Reached XP level 3. HP: 22/30 MP: 2/2
  1733 | D:3      | Reached XP level 4. HP: 14/37 MP: 3/3
  1937 | D:3      | Found a shimmering blue altar of Sif Muna.
  2050 | D:3      | You fall into a shaft and drop 2 floors!
  2050 | D:5      | Entered Level 5 of the Dungeon
  2237 | D:4      | Reached XP level 5. HP: 27/45 MP: 4/4
  2510 | D:4      | Found an ornate altar of the Wu Jian Council.
  3178 | D:4      | Reached XP level 6. HP: 51/51 MP: 5/5
  4416 | D:6      | Reached XP level 7. HP: 48/58 MP: 6/6
  4706 | D:6      | Found a hazy altar of Hepliaklqana.
  4825 | D:6      | Noticed Maggie
  4828 | D:6      | Found an iron altar of Okawaru.
  4828 | D:6      | Found a shadowy altar of Dithmenos.
  4864 | D:6      | Killed Maggie
  4865 | D:6      | Reached skill level 5 in Long Blades
  4865 | D:6      | Reached XP level 8. HP: 17/67 MP: 7/7
  5359 | D:7      | Found a sacrificial altar of Ru.
  5399 | D:7      | Reached skill level 5 in Armour
  5449 | D:7      | Reached skill level 5 in Fighting
  5502 | D:7      | Found Soos's Armour Boutique.
  5537 | D:7      | Bought the cursed +0 chain mail "Etzun" {-Cast +Fly rF+
                  | rC++} for 365 gold pieces
  5642 | D:7      | Found a sand-covered staircase.
  5653 | Ossuary  | Entered an ossuary
  5706 | Ossuary  | Reached XP level 9. HP: 71/74 MP: 8/8
  5726 | Ossuary  | Reached skill level 5 in Dodging
  6093 | D:7      | Noticed Duvessa
  6094 | D:7      | Noticed Dowan
  6121 | D:7      | Killed Duvessa
  6132 | D:7      | Killed Dowan
  6461 | D:7      | Found a staircase to the Ecumenical Temple.
  6467 | Temple   | Entered the Ecumenical Temple
  6624 | Temple   | Became a worshipper of Ashenzari the Shackled
  6814 | D:8      | Got the quarterstaff of the Wilderness {flame, Will+}
  6823 | D:8      | Identified the +6 quarterstaff of the Wilderness {flame,
                  | Will+} (You found it on level 8 of the Dungeon)
  7057 | D:8      | Got the flail of Havoc {vorpal, Dex+3}
  7375 | D:8      | Reached XP level 10. HP: 84/84 MP: 9/9
  7435 | D:8      | Identified the +9 flail of Havoc {vorpal, Dex+3} (You found
                  | it on level 8 of the Dungeon)
  7638 | D:9      | Identified the cursed +0 scale mail of the Hunter {rF+}
  7756 | D:9      | Noticed a two-headed ogre
  7766 | D:9      | Killed a two-headed ogre
  8030 | D:9      | Noticed a queen ant
  8048 | D:9      | HP: 4/86 [worker ant (4)]
  8054 | D:9      | Killed a queen ant
  8122 | D:9      | Reached XP level 11. HP: 41/93 MP: 10/10
  8200 | D:9      | Found a staircase to the Lair.
  8751 | D:9      | Found Yfeiddong's Jewellery Shop.
  8896 | D:10     | Entered Level 10 of the Dungeon
  9013 | D:10     | Noticed a two-headed ogre
  9024 | D:10     | Killed a two-headed ogre
  9409 | D:10     | Noticed Josephine
  9430 | D:10     | Killed Josephine
  9431 | D:10     | Reached skill level 10 in Long Blades
  9902 | D:10     | Reached * piety under Ashenzari
 10601 | D:11     | Reached skill level 10 in Armour
 10800 | D:11     | Noticed a skeletal warrior
 10801 | D:11     | Noticed a skeletal warrior
 10843 | D:11     | Killed a skeletal warrior
 10844 | D:11     | Reached XP level 12. HP: 41/103 MP: 11/11
 11456 | D:11     | Noticed a five-headed hydra
 11467 | D:11     | Killed a one-headed hydra
 11514 | D:11     | HP: 3/104 [cyclops (14)]
 11521 | D:11     | Mangled by a skeletal warrior

Illustrated notes

Levels and vault maps discovered:
D:1:      lightli_arrival_noodles, layout_basic
D:2:      layout_loops_ring
D:3:      layout_loops_ring, general_overflow_altar
D:4:      layout_rooms, nicolae_overflow_crystal_walls
D:5:      layout_loops_ring, eino_small_chamber_without_monster,
          minmay_misc_feat_encased, hangedman_decor_peaks_small, moated_statue
D:6:      layout_rooms, minitemple, nzn_hepliaklqana_mist_gate, uniq_maggie
D:7:      minmay_general_purpose_star, layout_basic, nicolae_ru_awakened_eye,
          minmay_temple_entry_enclosed_plants, nicolae_ossuary_entry_monument,
          serial_shops, shop, st_stairs_6, uniq_duvessa
D:8:      layout_basic, minmay_alternating_orb
D:9:      layout_cave_pools, lair_entry_dummy, serial_shops,
          nicolae_shop_statue_plus, minivault_29
D:10:     layout_loops_ring, serial_ice, serial_ice_n, serial_ice_c,
          serial_ice_d, serial_ice_o, uniq_josephine
D:11:     layout_grid_maze, nicolae_twisting_strands
Temple:   nicolae_temple_elliptical

Skill      XL: |  1  2  3  4  5  6  7  8  9 10 11 12 |
---------------+-------------------------------------+-----
Long Blades    | 3 4 5 6 7 9 10 | 10.7
Armour         | 1 2 3 4 5 7 8 10 | 10.3
Dodging        | 3 4 5 6 7 |  7.8
Fighting       | 3 4 5 6 7 8 9 |  9.0
Throwing       | |  1.7

Action                   |  1- 3 |  4- 6 |  7- 9 | 10-12 || total
-------------------------+-------+-------+-------+-------++-------
Melee: Long sword        |   127 |   184 |    58 |       ||   369
       Scimitar          |       |       |   316 |   594 ||   910
Throw: Throwing net      |       |       |     2 |     4 ||     6
Evoke: Wand              |       |       |       |     1 ||     1
  Use: Scroll            |     3 |     5 |    18 |     5 ||    31
       Potion            |       |     1 |     2 |     7 ||    10
 Stab: Sleeping          |     5 |     6 |       |       ||    11
       Distracted        |       |       |     1 |       ||     1
       Held in net/web   |       |       |       |     2 ||     2
Armor: Leather armour    |    43 |    67 |       |       ||   110
       Chain mail        |       |    21 |   207 |   350 ||   578
       Steam dragon scal |       |       |    30 |       ||    30
Dodge: Dodged            |    81 |   134 |   195 |   307 ||   717
Block: Other             |       |    35 |    91 |   135 ||   261
       Reflection        |       |       |     6 |     3 ||     9
       Rpst.: Long sword |    26 |    41 |     4 |       ||    71
       Scimitar          |       |       |    60 |    86 ||   146
